Map: Récif abyssal EC

Players

llllllllllll - Winner!

  • Race: Protoss Protoss
  • League: Grandmaster
  • Spawn Location: 5:00

Lambo

  • Race: Zerg Zerg
  • League: Grandmaster
  • Spawn Location: 11:00

VOD

Have the link to the VOD?

Description

Time

  • Played on: Nov. 30, 2017, 1:45 p.m.
  • Length: 5:38
Show
View Real Time Build Order
Export as new Build Order

llllllllllll Protoss - Winner!

Build Orders:  

Get SALT Encoding   

  12  0:00  Probe  
  13  0:12  Probe  
  14  0:19  Pylon  
  14  0:25  Probe (Chrono Boost)  
  15  0:38  Probe (Chrono Boost)  
  15  0:40  Forge  
  16  0:45  Probe (Chrono Boost)  
  17  0:56  Probe  
  18  0:59  Pylon  
  19  1:18  Photon Cannon  
  19  1:19  Gateway  
  18  1:27  Probe  
  19  1:37  Gateway  
  19  1:39  Probe  
  20  1:40  Assimilator  
  20  1:48  Photon Cannon  
  20  2:07  Cybernetics Core  
  20  2:10  Photon Cannon  
  20  2:11  Zealot (Chrono Boost)  
  22  2:26  Photon Cannon  
  22  2:28  Zealot (Chrono Boost)  
  24  2:40  Pylon  
  24  2:50  Stalker  
  24  2:51  Stalker  
  28  3:00  Photon Cannon  
  28  3:07  Shield Battery  
  28  3:18  Shield Battery  
  28  3:20  Shield Battery  
  28  3:35  Stalker x2  
  28  3:40  Shield Battery  
  30  3:56  Gateway  
  30  4:02  Shield Battery  
  37  4:17  Stalker x2  
  24  4:19  Shield Battery  
  28  4:25  Shield Battery  
  28  4:42  Photon Cannon  
  28  4:45  Stalker  
  32  5:27  Shield Battery  
Show
View Real Time Build Order
Export as new Build Order

Lambo Zerg 

Build Orders: Hatch First, Ravager All-In 

Get SALT Encoding   

  12  0:00  Drone  
  13  0:12  Overlord  
  13  0:17  Drone  
  14  0:31  Drone x2  
  16  0:36  Drone  
  17  0:52  Hatchery  
  17  0:55  Drone  
  17  0:58  Drone  
  18  1:09  Extractor  
  17  1:13  Spawning Pool  
  17  1:17  Drone  
  17  1:21  Drone  
  18  1:28  Drone  
  19  1:42  Overlord  
  19  1:50  Drone  
  20  2:00  Queen  
  20  2:01  Zergling x2  
  23  2:04  Zergling x2  
  25  2:11  Roach Warren  
  24  2:17  Drone  
  24  2:20  Extractor  
  24  2:22  Zergling x2  
  25  2:29  Drone  
  23  2:40  Drone  
  24  2:51  Roach  
  26  2:59  Roach  
  30  3:06  Roach  
  30  3:12  Ravager  
  33  3:13  Roach  
  33  3:16  Overlord  
  33  3:19  Ravager  
  34  3:21  Roach  
  35  3:36  Ravager  
  35  3:37  Roach x2  
  39  3:45  Zergling x8  
  39  3:46  Overlord  
  40  3:59  Ravager, Overlord  
  40  4:01  Queen  
  39  4:14  Ravager  
  39  4:15  Roach x2  
  44  4:17  Overlord  
  42  4:24  Overlord  
  42  4:31  Drone x2  
  42  4:36  Ravager  
  45  4:52  Ravager  
  40  4:53  Roach x3  
  42  5:09  Roach  
  41  5:16  Drone x2  
  41  5:17  Roach  
  38  5:26  Drone  
  41  5:28  Ravager  
Tags
 
Add a new tag
Caveats
  • Supply blocks, unpowered buildings, or Contaminate may cause inaccurate times.
  • Supply counts are checked every 10 seconds.